 Dungeon Crawl Stone Soup version 0.28-a0-512-g960c72b710 (webtiles) character file.

Game seed: 6772127851185812901

58 Lekart the Skirmisher (level 3, -5/33 HPs)
             Began as a Draconian Abyssal Knight on Sept 22, 2021.
             Was a Follower of Lugonu.
             Slain by Sigmund (8 damage)
             ... on level 2 of the Dungeon.
             The game lasted 00:01:43 (1737 turns).

Lekart the Skirmisher (Draconian Abyssal Knight)    Turns: 1737, Time: 00:01:44

Health: -5/33      AC:  5    Str: 15    XL:     3   Next: 76%
Magic:  4/4        EV: 12    Int: 10    God:    Lugonu [*.....]
Gold:   21         SH:  0    Dex: 12    Spells: 2/2 levels left

rFire   . . .      SeeInvis .   c - +1 club (spect)
rCold   . . .      Faith    .   (no shield)
rNeg    . . .      Spirit   .   (armour unavailable)
rPois   .          Reflect  .   (helmet restricted)
rElec   .          Harm     .   (no cloak)
rCorr   .          Rampage  .   (no gloves)
Will    .....      Rage     1%  (no boots)
Stlth   +.........              (no amulet)
HPRegen 0.11/turn               (no ring)
MPRegen 0.09/turn               (no ring)

@: unable to read
A: AC +5, unfitting armour, cold-blooded, berserk 1, mutation resistance 1,
inability to read while threatened
a: Renounce Religion, Depart the Abyss


You were on level 2 of the Dungeon.
You worshipped Lugonu.
Lugonu was aware of your devotion.
You visited 1 branch of the dungeon, and saw 2 of its levels.
You visited the Abyss 1 time.

You collected 21 gold pieces.

Inventory:

Hand Weapons
 a - a +1 falchion
 c - a +1 spectral club (weapon)
Scrolls
 b - a scroll of identify {unknown}
 d - 3 scrolls of enchant armour {unknown}
 f - a scroll of fog {unknown}
Potions
 e - a potion of attraction {unknown}
 g - a potion of flight {unknown}


   Skills:
 + Level 4.0 Fighting
 + Level 2.6 Long Blades
 + Level 2.7 Dodging
 * Level 2.5 Invocations


You had 2 spell levels left.
You didn't know any spells.
Your spell library was empty.

Dungeon Overview and Level Annotations

Branches:
Dungeon (2/15)

Altars:

Annotations:
D:2 Sigmund


Innate Abilities, Weirdness & Mutations

Your plain brown scales are hard. (AC +5)
You cannot fit into any form of body armour.
You are cold-blooded and may be slowed by cold attacks.
You tend to lose your temper in combat.
You are somewhat resistant to further mutation.
You sometimes lose the ability to read scrolls when taking damage.


Message History

Sigmund casts a spell.
Sigmund flickers and vanishes!
Deactivating autopickup; reactivate with Ctrl-A.
There are monsters nearby!
There are monsters nearby!
The endoplasm hits you.
Things that are here:
a +0 dagger; a goblin corpse
There are monsters nearby!
You hit the endoplasm.
The endoplasm is lightly wounded.
Your +1 spectral club hits the endoplasm.
You kill the endoplasm!
Lugonu accepts your kill.
The endoplasm hits you but does no damage.
Something hits you! The worm bites you!
You feel threatened and lose the ability to read scrolls!
You are too injured to fight recklessly!
You are too injured to fight recklessly!
You are too injured to fight recklessly!
Things that are here:
a +0 dagger; a goblin corpse You can read scrolls again.
You hit the endoplasm but do no damage.
You tail-slap the endoplasm, but do no damage.
Your +1 spectral club hits the endoplasm.
You kill the endoplasm!
Lugonu accepts your kill. The quokka bites you. Something hits you!
You feel threatened and lose the ability to read scrolls!
* * * LOW HITPOINT WARNING * * *
The quokka bites you but does no damage.
You can read scrolls again.
The quokka closely misses you. The quokka barely misses you.
You hit the quokka.
The quokka is moderately wounded.
The quokka misses you. Something hits you!
You feel threatened and lose the ability to read scrolls!
You die...

.# #.###### .#
#......# ).
#######.# #
........#
#######.# .# #.#
.# #.# .# #.# .#
#@# .#
#r#############.#
#.##..........#.##
#.#...##.....)....
#.......w####.#...
#.#...#### #..?##
#.##.## #.#...
#.##.# #...##
#....# #.?..


You could see a quokka.

Vanquished Creatures
  Jessica (D:2)
  A dart slug (D:1)
  5 endoplasms
  4 goblins
  A hobgoblin (D:2)
  3 jackals (D:1)
  2 kobolds (D:1)
  2 quokkas (D:1)
  3 ball pythons
  2 bats (D:1)
  A frilled lizard (D:1)
  3 rats
28 creatures vanquished.

Notes
Turn   | Place    | Note
-------+----------+-------------------------------------------
     0 | Abyss:1  | Lekart the Draconian Abyssal Knight began the quest for the
                  | Orb.
     0 | Abyss:1  | Reached XP level 1. HP: 19/19 MP: 2/2
     6 | Abyss:2  | Noticed a large abomination
     6 | Abyss:2  | Noticed a cacodemon
     7 | D:1      | Escaped the Abyss
   197 | D:1      | Found a faded altar of an unknown god.
   247 | D:1      | Reached * piety under Lugonu
   266 | D:1      | Reached XP level 2. HP: 3/26 MP: 3/3
  1483 | D:2      | Noticed Jessica
  1489 | D:2      | Gained mutation: You tend to lose your temper in combat.
                  | [potion of mutation]
  1489 | D:2      | Gained mutation: You sometimes lose the ability to read
                  | scrolls when taking damage. [potion of mutation]
  1489 | D:2      | Gained mutation: You are somewhat resistant to further
                  | mutation. [potion of mutation]
  1494 | D:2      | Killed Jessica
  1495 | D:2      | Reached skill level 4 in Fighting
  1495 | D:2      | Reached XP level 3. HP: 24/33 MP: 4/4
  1715 | D:2      | Noticed Sigmund
  1737 | D:2      | Slain by Sigmund

Illustrated notes

Levels and vault maps discovered:
D:1:      saegor_arrival_simple_e, layout_basic,
          shapermc_ecumenical_altar_totnotflames
D:2:      layout_loops_ring, uniq_sigmund, uniq_jessica

Skill      XL: |  1  2 |
---------------+-------+-----
Fighting       | 4 |  4.0
Long Blades    | |  2.6
Dodging        | |  2.7
Invocations    | |  2.5

Action                   || total
-------------------------++-------
Melee: Falchion          ||    72
       Tailslap          ||    10
       Club              ||    16
Invok: Depart the Abyss  ||     1
  Use: Potion            ||     2
 Stab: Sleeping          ||     1
Armor: Skin              ||    50
Dodge: Dodged            ||    73

Table legend: (Time is in decaauts)
 A = Elapsed time spent in this place.
 B = Non-inter-level travel time spent in this place.
 C = Inter-level travel time spent in this place.
 D = Time resting spent in this place.
 E = Time spent auto-exploring this place.
 F = Levels seen in this place.
 G = Mean time per level.
                   A        B        C        D        E       F      G
               +--------+--------+--------+--------+--------+-----+--------+
         Total |   1763 |   1734 |     29 |    287 |   1219 |   4 |  440.8 |
       Dungeon |   1757 |   1728 |     29 |    287 |   1219 |   2 |  878.5 |
         Abyss |      6 |      6 |      0 |      0 |      0 |   2 |    3.0 |
               +--------+--------+--------+--------+--------+-----+--------+

Top non-repeatable levels by time:
     D:1: 1489 daAuts
     D:2: 268 daAuts
 Abyss:1: 6 daAuts
 Abyss:2: 0 daAuts
